AoeStats
← |GaoeG| flamingo

Arena

507372176Analyzed
3v3 RM · 15d ago on Sep 17, 2026· 44m 6s· 6 players
Game mode
Random Map
Map size
Normal (6 player)
Population
200
Speed
Normal
Resources
Standard
Victory
Conquest
Starting age
Dark Age
Ending age
Imperial Age
RankedLock teamsTeams togetherTeam positionsShared explorationLock speedFull tech treeHidden civsTurbo modeCheats
Victory
Defeat
🇳🇴 Khmer · Norway
1469
+10
🇨🇴 Lithuanians · Colombia
1426
+12
🇧🇷 Britons · Brazil
1394
+13
🇪🇸 Spanish · Spain
1411
-14
🇪🇸 Wei · Spain
1387
-14
🇪🇸 Italians · Spain
1209
-7
[MLTS] RKotzen
5:27 Loom
7:57 Feudal Age
10:25 Fletching
20:03 Double-Bit Axe
24:15 Castle Age
23:32 Horse Collar
24:53 Forging
24:45 Scale Mail Armor
25:07 Bodkin Arrow
26:02 Bow Saw
27:23 Wheelbarrow
31:57 Hand Cart
33:39 Scale Mail Armor
33:50 Forging
34:03 Town Watch
34:37 Gold Mining
35:09 Chain Mail Armor
35:33 Pikeman
36:14 Squires
36:51 Iron Casting
37:01 Stone Mining
38:22 Stone Shaft Mining
37:47 Heavy Plow
41:13 Imperial Age
39:06 Town Patrol
39:13 Town Patrol
40:02 Arson
41:37 Capped Ram
41:40 Halberdier
43:29 Tower Shields
43:49 Conscription
Sasha The Bunny
10:20 Feudal Age
13:38 Castle Age
11:29 Horse Collar
12:40 Double-Bit Axe
15:58 Scale Barding Armor
15:58 Gold Mining
17:36 Loom
21:17 Forging
23:20 Bloodlines
23:28 Light Cavalry
24:08 Husbandry
25:30 Chain Barding Armor
27:02 Bow Saw
28:29 Heavy Plow
32:09 Gold Shaft Mining
32:51 Wheelbarrow
32:01 Town Watch
34:58 Iron Casting
34:18 Stone Mining
38:12 Imperial Age
37:55 Tusk Swords
39:27 Plate Barding Armor
38:32 Elite Battle Elephant
40:49 Coinage
41:38 Blast Furnace
44:48 Banking
Karzul
11:02 Feudal Age
14:56 Castle Age
14:12 Double-Bit Axe
14:11 Horse Collar
16:22 Bow Saw
16:40 Loom
24:42 Gold Mining
25:35 Wheelbarrow
29:02 Imperial Age
26:39 Fletching
27:47 Ballistics
27:29 Heavy Plow
27:50 Padded Archer Armor
27:46 Bodkin Arrow
28:48 Hand Cart
28:46 Stone Mining
29:35 Gold Shaft Mining
29:39 Leather Archer Armor
29:47 Bracer
31:46 Chemistry
31:00 Masonry
31:49 Town Watch
32:42 Scale Mail Armor
32:53 Forging
32:04 Pikeman
32:45 Squires
34:39 Scale Barding Armor
34:50 Chain Mail Armor
35:13 Iron Casting
34:48 Halberdier
36:56 Plate Mail Armor
37:39 Conscription
38:55 Blast Furnace
41:32 Ring Archer Armor
41:46 Yeomen
41:41 Elite Longbowman
43:16 Arson
43:35 Warwolf
|GaoeG| Joseba77
10:36 Feudal Age
9:13 Loom
13:39 Fletching
19:47 Double-Bit Axe
26:56 Castle Age
31:50 Wheelbarrow
35:52 Bow Saw
35:24 Horse Collar
36:42 Gold Mining
39:41 Imperial Age
37:22 Stone Mining
38:07 Bodkin Arrow
39:21 Heavy Plow
JITANOmaleant7
10:55 Feudal Age
11:26 Loom
15:36 Castle Age
13:20 Horse Collar
13:36 Double-Bit Axe
14:36 Gold Mining
15:13 Bloodlines
16:49 Wheelbarrow
20:35 Bow Saw
22:00 Scale Barding Armor
24:08 Forging
25:34 Gold Shaft Mining
26:35 Husbandry
26:57 Chain Barding Armor
27:52 Heavy Plow
31:23 Stone Mining
34:58 Imperial Age
34:51 Iron Casting
36:41 Blast Furnace
36:12 Ming Guang Armor
36:30 Heavy Hei Guang Cavalry
38:16 Conscription
40:06 Light Cavalry
43:56 Hussar
|GaoeG| flamingo
11:06 Feudal Age
14:47 Castle Age
13:02 Double-Bit Axe
13:52 Horse Collar
16:48 Bow Saw
21:20 Heavy Plow
22:16 Loom
25:26 Wheelbarrow
30:56 Imperial Age
30:05 Scale Barding Armor
30:02 Padded Archer Armor
30:59 Husbandry
31:12 Bloodlines
31:25 Cavalier
32:29 Chain Barding Armor
32:35 Conscription
33:30 Hand Cart
33:24 Gold Mining
34:58 Plate Barding Armor
34:34 Forging
35:53 Paladin
37:16 Iron Casting
37:29 Conscription
38:18 Chemistry
38:15 Conscription
39:56 Elite Conquistador
42:24 Pikeman
43:05 Squires
43:09 Scale Mail Armor
44:11 Blast Furnace
Connection lost

Rejoining the realm…

Still unreachable

The connection could not be restored.

Session expired

The server has moved on; the page needs a fresh start.